 Dungeon Crawl Stone Soup version 0.29-a0-25-g7f48f510a0 (webtiles) character file.

Game seed: 13128232018362808422

52 shoop the Caller (level 3, -1/18 (24) HPs)
             Began as a Merfolk Summoner on Feb 1, 2022.
             Slain by an adder (4 damage)
             ... on level 3 of the Dungeon.
             The game lasted 00:04:33 (2607 turns).

shoop the Caller (Merfolk Summoner)                 Turns: 2607, Time: 00:04:34

HP:   -1/18 (24)    AC:  4    Str: 14    XL:     3   Next: 85%
MP:   3/6           EV: 12    Int: 14    God:
Gold: 91            SH:  0    Dex: 14    Spells: 2/6 levels left

rFire   x . .      SeeInvis .   k - +0 spear
rCold   . . .      Faith    .   (no shield)
rNeg    . . .      Spirit   .   n - +1 leather armour "Zariy" {rF- Str+4}
rPois   .          Reflect  .   (no helmet)
rElec   .          Harm     .   i - scarf {shadows}
rCorr   .          Rampage  .   (no gloves)
Will    .....                   (no boots)
Stlth   ++........              (no amulet)
HPRegen 0.06/turn               (no ring)
MPRegen 0.10/turn               (no ring)

@: very heavily drained
A: (nimble swimmer 2), mertail
a: no special abilities


You were on level 3 of the Dungeon.
You visited 1 branch of the dungeon, and saw 3 of its levels.

You collected 91 gold pieces.

Inventory:

Hand Weapons
 c - a +0 whip
 f - a +0 short sword
 k - a +0 spear (weapon)
 o - a +2 dagger of draining
Missiles
 d - 5 poisoned darts
Armour
 a - a +0 robe
 b - a +0 leather armour
 i - a scarf of shadows (worn)
 n - the +1 leather armour "Zariy" (worn) {rF- Str+4}
   (You found it on level 2 of the Dungeon)

   Str:       It affects your strength (+4).
   rF:        It makes you vulnerable to fire.
 p - a +0 kite shield
Scrolls
 j - 3 scrolls of identify {unknown}
 m - a scroll of vulnerability {unknown}
Potions
 e - 2 potions of mutation {unknown}
 g - a potion of ambrosia {unknown}
 h - 4 potions of brilliance {unknown}
 l - a potion of haste {unknown}


   Skills:
 * Level 2.5 Polearms
 - Level 2.0 Throwing
 - Level 3.0 Dodging
 - Level 2.3 Stealth
 + Level 2.1 Spellcasting
 + Level 4.1 Summonings


You had 2 spell levels left.
You knew the following spells:

 Your Spells              Type           Power      Damage    Failure   Level
a - Call Canine Familiar  Summ           13%        N/A       17%         3
b - Summon Small Mammal   Summ           52%        N/A       5%          1

Your spell library contained the following spells:

 Spells                   Type           Power      Damage    Failure   Level
 Call Imp                 Summ           13%        N/A       9%          2
 Sandblast                Erth           2%         2d4       30%         1
 Passwall                 Tmut/Erth      0%         N/A       41%         2
 Static Discharge         Conj/Air       1%         N/A       41%         2
 Summon Guardian Golem    Hex/Summ       7%         N/A       36%         3
 Stone Arrow              Conj/Erth      2%         3d7       65%         3
 Summon Lightning Spire   Summ/Air       7%         N/A       77%         4
 Lightning Bolt           Conj/Air       0%         1d11      100%        5
 Maxwell's Capacitive Co  Air            0%         ∞         100%        8


Dungeon Overview and Level Annotations

Branches:
Dungeon (3/15)

Altars:


Innate Abilities, Weirdness & Mutations

((You are very nimble when in or above water. (Stealth+, EV+, Speed+++)))
Your lower body shifts to a powerful aquatic tail in water.


Message History

Orders for allies: a - Attack new target. r - Retreat! s - Stop attacking. g - Guard the area. f - Follow me.
Anything else - Cancel.
Gang up on whom?
Press: ? - help, Dir - move target, f - adder
Aim: an adder Attack!
Your bat barely misses the goblin.
The jackal pauses to sniff the water.
Your bat barely misses the goblin.
Your bat barely misses the goblin.
Your rat bites the adder.
Your bat misses the goblin.
Casting: Summon Small Mammal (safe; 5% risk of failure)
Confirm with . or Enter, or press ? or * to list all spells.
The spell is potentially lethal to miscast (17% risk of failure)!
Continue anyway?
Your bat barely misses the goblin.
The adder closely misses your rat.
Your bat barely misses the goblin.
Your rat bites the adder.
The adder bites your rat.
Your rat dies!
Your rat's corpse disappears in a puff of smoke!
Unknown command.
The jackal bites your bat.
Reach: k) +0 spear
Press: ? - help, Dir - move target, f/p - adder
Aim: an adder (moderately wounded, ally target, about 56% to evade your +0 spear)
You reach to attack!
You barely miss the adder.
The adder is moderately wounded.
Your bat barely misses the adder.
You hit the adder.
The adder is heavily wounded.
Your bat hits the adder. The adder bites you but does no damage.
You closely miss the adder.
The adder is heavily wounded.
Your bat hits the adder but does no damage.
The adder barely misses you.
Your bat closely misses the adder.
You hit the adder.
The adder is severely wounded.
Your bat misses the adder.
Your bat closely misses the adder.
The adder barely misses you. The adder bites you.
You die...

### ..≈
#..g#############
..≈≈#.og#...@S.......
..≈≈#####≈≈≈≈hb≈≈≈≈≈≈
..≈≈≈≈≈≈≈≈≈≈≈≈≈≈≈≈≈≈≈
..≈≈≈≈≈≈≈≈≈g≈hhg≈≈≈≈≈
...P.................
.....................
...####..#.........#.
##.#..######.#
#....######.#


You could see an adder (ally target), 2 jackals, 2 goblins, a friendly hound
(summoned) and a friendly bat (summoned).

Vanquished Creatures
  A worm (D:2)
  An orc (D:3)
  2 ball pythons (D:1)
  3 endoplasms
  2 giant cockroaches (D:1)
  2 hobgoblins
  4 jackals (D:2)
  4 kobolds
  A quokka (D:3)
  2 bats
  2 frilled lizards (D:1)
  3 goblins
  3 rats
30 creatures vanquished.

Vanquished Creatures (collateral kills)
  A gnoll (D:3)
  A hobgoblin (D:1)
  3 frilled lizards (D:1)
  A kobold (D:1)
6 creatures vanquished.

Grand Total: 36 creatures vanquished

Notes
Turn   | Place    | Note
-------+----------+-------------------------------------------
     0 | D:1      | shoop the Merfolk Summoner began the quest for the Orb.
     0 | D:1      | Reached XP level 1. HP: 13/13 MP: 3/3
   676 | D:1      | Reached skill level 1 in Throwing
   676 | D:1      | Reached XP level 2. HP: 19/19 MP: 5/5
  1056 | D:1      | Reached skill level 1 in Polearms
  1445 | D:2      | Identified the +1 leather armour "Zariy" {rF- Str+4}
  1509 | D:2      | Reached XP level 3. HP: 24/24 MP: 6/6
  1695 | D:2      | Learned a level 3 spell: Call Canine Familiar
  2607 | D:3      | Slain by an adder

Illustrated notes

Levels and vault maps discovered:
D:1:      shiori_arrival_oz, layout_basic, st_stairs_7, fountainhead
D:2:      layout_basic
D:3:      lemuel_castle_with_subvaults [lemuel_castle_interior_carwin_2],
          layout_basic, chequers_arboretum, minmay_randomly_rotated_circles

Skill      XL: |  1  2  3 |
---------------+----------+-----
Dodging        | 3 |  3.0
Throwing       | 1 2 |  2.0
Polearms       | 1 2 |  2.5
Stealth        | |  2.3
Spellcasting   | |  2.1
Summonings     | |  4.1

Action                   || total
-------------------------++-------
Melee: Short sword       ||    10
       Unarmed           ||     4
       Whip              ||     3
       Spear             ||    92
       Tailslap          ||     2
       Dagger            ||    16
       Punch             ||     2
 Cast: Summon Small Mamm ||    17
       Call Canine Famil ||     1
 Stab: Sleeping          ||     7
Armor: Leather armour    ||    15
Dodge: Dodged            ||    68

Table legend: (Time is in decaauts)
 A = Elapsed time spent in this place.
 B = Non-inter-level travel time spent in this place.
 C = Inter-level travel time spent in this place.
 D = Time resting spent in this place.
 E = Time spent auto-exploring this place.
 F = Levels seen in this place.
 G = Mean time per level.
                   A        B        C        D        E       F      G
               +--------+--------+--------+--------+--------+-----+--------+
         Total |   2600 |   2549 |     51 |      0 |   2167 |   3 |  866.7 |
       Dungeon |   2600 |   2549 |     51 |      0 |   2167 |   3 |  866.7 |
               +--------+--------+--------+--------+--------+-----+--------+

Top non-repeatable levels by time:
     D:1: 1334 daAuts
     D:2: 969 daAuts
     D:3: 296 daAuts
